 Dungeon Crawl Stone Soup version 0.23.2-1-ga50397a6bc (webtiles) character file.

Game seed: 9233513339908116651

591418 voshxz the Gargoyle Barricade (level 27, -4/192 HPs)
             Began as a Gargoyle Fighter on May 27, 2019.
             Was the Champion of Okawaru.
             Killed from afar by an ancient champion (55 damage)
             ... with an iron shot
             ... on level 7 of the Iron City of Dis.
             The game lasted 03:03:30 (59283 turns).

voshxz the Gargoyle Barricade (Gargoyle Fighter)   Turns: 59283, Time: 03:03:32

Health: -4/192     AC: 61    Str: 39      XL:     27
Magic:  25/28      EV: 10    Int: 14 (15) God:    Okawaru [******]
Gold:   4009       SH: 25    Dex: 11 (13) Spells: 26/26 levels left

rFire    + + +     SeeInvis .   Y - +8 broad axe (vamp)
rCold    + + +     Gourm    .   I - +5 shield {AC+3}
rNeg     + + +     Faith    +   E - +0 crystal plate armour "Nazxeko" {rC+ rN+ Str+2 Int+3}
rPois    ∞         Spirit   .   T - +2 hat {MR+}
rElec    +         Reflect  .   y - scarf {rC+ rF+}
rCorr    +         Harm     .   t - +2 pair of gloves {Dex+3}
MR       +++..                  R - +2 pair of boots {run}
Stlth    ..........             C - amulet of faith
HPRegen  0.42/turn              a - ring "Zefon" {*Drain rPois rF+++ Str+2 Dex+3}
MPRegen  0.21/turn              P - ring of the Final Decision {rCorr rN+}

@: mighty, resistant, heroism, finesse, quick
A: big wings, clumsy 1, deterioration 1, negative energy resistance 1,
electricity resistance, unbreathing, petrification resistance, rot immunity, AC
+20
}: 3/15 runes: decaying, serpentine, silver
a: Fly, Heroism, Finesse, Renounce Religion


You were on level 7 of the Iron City of Dis.
You worshipped Okawaru.
Okawaru was exalted by your worship.
You were hungry.

You visited 11 branches of the dungeon, and saw 53 of its levels.
You visited the Abyss 2 times.
You also visited: Volcano.

You collected 6932 gold pieces.
You spent 2923 gold pieces at shops.

Inventory:

Hand Weapons
 G - a +0 broad axe of flaming
 J - the +12 scimitar of Meyvy {slice, rElec rC+ Str-2 SInv}
   (You took it off a deep elf archer on level 5 of the Vaults)

   It inflicts extra damage upon your enemies.
   It affects your strength (-2).
   It protects you from cold.
   It insulates you from electricity.
   It lets you see invisible.
 Q - the +1 broad axe of Hostomur {freeze, rF+}
   (Okawaru gifted it to you on level 6 of the Iron City of Dis)

   It has been specially enchanted to freeze those struck by it, causing extra
   injury to most foes and up to half again as much damage against particularly
   susceptible opponents.
   It can also slow down cold-blooded creatures.
   It protects you from fire.
 Y - a +8 vampiric broad axe (weapon)
Armour
 j - a +6 plate armour of cold resistance
 n - a +4 chain mail of magic resistance
 t - a +2 pair of gloves of dexterity (worn)
 y - a scarf of resistance (worn)
 E - the +0 crystal plate armour "Nazxeko" (worn) {rC+ rN+ Str+2 Int+3}
   (You bought it in a shop on level 2 of the Depths)

   It affects your strength (+2).
   It affects your intelligence (+3).
   It protects you from cold.
   It protects you from negative energy.
 I - a +5 shield of protection (worn)
 R - a +2 pair of boots of running (worn)
 T - a +2 hat of magic resistance (worn)
Jewellery
 a - the ring "Zefon" (left hand) {*Drain rPois rF+++ Str+2 Dex+3}
   (You found it on level 6 of the Lair of Beasts)

   [ring of poison resistance]

   It affects your strength (+2).
   It affects your dexterity (+3).
   It renders you almost immune to fire.
   It protects you from poison.
   It causes draining when unequipped.
 b - a cursed amulet of inaccuracy {unknown}
 d - the ring "Wezy" {Str+2 Stlth+, unknown}
   (You found it on level 3 of the Elven Halls)

   [ring of stealth]

   It affects your strength (+2).
   It makes you more stealthy.
 i - an uncursed amulet of the gourmand
 l - an uncursed amulet of rage {unknown}
 m - an uncursed amulet of rage {unknown}
 p - an uncursed ring of magical power {unknown}
 q - the ring of Jiuc {rC+ rN++}
   (You took it off a spriggan air mage on level 5 of the Depths)

   [ring of protection from cold]

   It protects you from cold.
   It greatly protects you from negative energy.
 u - a cursed amulet of inaccuracy {unknown}
 B - the amulet "Samuyf" {Reflect Str+6 Int-3 Dex+3 SH+3 SInv}
   (You took it off a deep elf sorcerer on level 3 of the Elven Halls)

   [amulet of reflection]

   It shields you and reflects attacks.
   It affects your strength (+6).
   It affects your intelligence (-3).
   It affects your dexterity (+3).
   It lets you see invisible.
   It affects your SH (+3).
 C - an amulet of faith (around neck)
 H - a +4 ring of protection
 L - an uncursed ring of protection from magic
 M - an uncursed ring of protection from cold {unknown}
 N - an uncursed ring of stealth {unknown}
 O - the ring of the Locust {Wiz Str+4}
   (You took it off a deep elf sorcerer on level 3 of the Elven Halls)

   [ring of wizardry]

   It improves your spell success rate.
   It affects your strength (+4).
 P - the ring of the Final Decision (right hand) {rCorr rN+}
   (You found it on level 5 of the Vaults)

   [ring of resist corrosion]

   It protects you from negative energy.
 S - a cursed ring of teleportation {unknown}
 Z - a cursed ring of attention {unknown}
Scrolls
 e - 21 scrolls of teleportation
 g - a scroll of brand weapon
 w - 4 scrolls of blinking
 z - 3 scrolls of fear
 K - 2 scrolls of silence
 U - 3 scrolls of identify
 V - 24 scrolls of remove curse
Potions
 c - 4 potions of resistance
 h - a potion of brilliance {unknown}
 k - 5 potions of agility {unknown}
 r - 9 potions of haste
 s - 7 potions of flight {unknown}
 v - 2 potions of invisibility {unknown}
 x - 15 potions of curing
 A - 11 potions of heal wounds {unknown}
 D - 6 potions of berserk rage {unknown}
 F - 3 potions of might
Miscellaneous
 o - the horn of Geryon
Comestibles
 f - 77 rations


   Skills:
 + Level 24.5(27) Fighting
   Level 3.7(8.7) Short Blades
 + Level 23.9(27) Axes
 + Level 16.7(21.7) Armour
 O Level 27 Shields
 - Level 7.2 Invocations


You had 26 spell levels left.
You didn't know any spells.
Your spell library contained the following spells:

 Spells                   Type           Power        Failure   Level  Hunger
 Animate Skeleton         Necr           N/A          83%         1    ##.....
 Apportation              Tloc           #.....       83%         1    ##.....
 Beastly Appendage        Tmut           #.....       83%         1    ##.....
 Confusing Touch          Hex            #.....       83%         1    ##.....
 Flame Tongue             Conj/Fire      #....        83%         1    ##.....
 Freeze                   Ice            #...         83%         1    ##.....
 Infusion                 Chrm           #...         83%         1    ##.....
 Pain                     Necr           #...         83%         1    ##.....
 Shock                    Conj/Air       #...         83%         1    ##.....
 Sting                    Conj/Pois      #...         83%         1    ##.....
 Summon Butterflies       Summ           #.......     83%         1    ##.....
 Summon Small Mammal      Summ           #...         83%         1    ##.....
 Call Imp                 Summ           #.......     93%         2    ###....
 Corpse Rot               Necr           N/A          93%         2    ###....
 Ensorcelled Hibernation  Hex/Ice        #.....       93%         2    ###....
 Passwall                 Tmut/Erth      #.......     93%         2    ###....
 Poisonous Vapours        Pois/Air       #.....       93%         2    ###....
 Shroud of Golubria       Chrm/Tloc      #.........   93%         2    ###....
 Song of Slaying          Chrm           #.......     93%         2    ###....
 Sticks to Snakes         Tmut           #.......     93%         2    ###....
 Swiftness                Chrm/Air       #.......     93%         2    ###....
 Throw Flame              Conj/Fire      #.....       93%         2    ###....
 Throw Frost              Conj/Ice       #.....       93%         2    ###....
 Call Canine Familiar     Summ           #.......     99%         3    ####...
 Confuse                  Hex            #.......     99%         3    ####...
 Conjure Flame            Conj/Fire      #.......     99%         3    ####...
 Gell's Gravitas          Tloc           #.........   99%         3    ####...
 Ignite Poison            Fire/Tmut/Pois #.......     99%         3    ####...
 Inner Flame              Hex/Fire       #.......     99%         3    ####...
 Lesser Beckoning         Tloc           #.........   99%         3    ####...
 Mephitic Cloud           Conj/Pois/Air  #.......     99%         3    ####...
 Ozocubu's Armour         Chrm/Ice       #.......     99%         3    ####...
 Portal Projectile        Hex/Tloc       #.....       99%         3    ####...
 Recall                   Summ/Tloc      N/A          99%         3    ####...
 Regeneration             Chrm/Necr      #.........   99%         3    ####...
 Spectral Weapon          Hex/Chrm       #.......     99%         3    ####...
 Spider Form              Tmut/Pois      #.........   99%         3    ####...
 Static Discharge         Conj/Air       #.......     99%         3    ####...
 Stone Arrow              Conj/Erth      #.....       99%         3    ####...
 Summon Guardian Golem    Hex/Summ       #.......     99%         3    ####...
 Tukima's Dance           Hex            #.......     99%         3    ####...
 Vampiric Draining        Necr           #.........   99%         3    ####...
 Airstrike                Air            #.........   100%        4    #####..
 Animate Dead             Necr           N/A          100%        4    #####..
 Cause Fear               Hex            #.........   100%        4    #####..
 Force Lance              Conj/Tloc      #.......     100%        4    #####..
 Ice Form                 Ice/Tmut       #.......     100%        4    #####..
 Iskenderun's Mystic Bla  Conj           #.......     100%        4    #####..
 Leda's Liquefaction      Hex/Erth       #.........   100%        4    #####..
 Olgreb's Toxic Radiance  Pois           #.......     100%        4    #####..
 Petrify                  Tmut/Erth      #.......     100%        4    #####..
 Sticky Flame             Conj/Fire      #.......     100%        4    #####..
 Summon Ice Beast         Ice/Summ       #.......     100%        4    #####..
 Summon Lightning Spire   Summ/Air       #.......     100%        4    #####..
 Throw Icicle             Conj/Ice       #.......     100%        4    #####..
 Agony                    Necr           #.......     100%        5    ######.
 Alistair's Intoxication  Tmut/Pois      #.......     100%        5    ######.
 Aura of Abjuration       Summ           #.........   100%        5    ######.
 Blade Hands              Tmut           #.........   100%        5    ######.
 Bolt of Draining         Conj/Necr      #.........   100%        5    ######.
 Borgnjor's Vile Clutch   Necr/Erth      #.........   100%        5    ######.
 Dispel Undead            Necr           #.......     100%        5    ######.
 Excruciating Wounds      Chrm/Necr      #.........   100%        5    ######.
 Fireball                 Conj/Fire      #.........   100%        5    ######.
 Irradiate                Conj/Tmut      #.........   100%        5    ######.
 Lightning Bolt           Conj/Air       #.........   100%        5    ######.
 Metabolic Englaciation   Hex/Ice        #.........   100%        5    ######.
 Silence                  Hex/Air        #.........   100%        5    ######.
 Summon Demon             Summ           #.........   100%        5    ######.
 Summon Forest            Summ/Tloc      #.........   100%        5    ######.
 Summon Mana Viper        Hex/Summ       #.......     100%        5    ######.
 Venom Bolt               Conj/Pois      #.........   100%        5    ######.
 Yara's Violent Unravell  Hex/Tmut       #.........   100%        5    ######.
 Bolt of Fire             Conj/Fire      #.........   100%        6    #######
 Darkness                 Hex            #.........   100%        6    #######
 Dispersal                Tloc           #.........   100%        6    #######
 Freezing Cloud           Conj/Ice/Air   #.........   100%        6    #######
 Hydra Form               Tmut           #.........   100%        6    #######
 Invisibility             Hex            #.......     100%        6    #######
 Iron Shot                Conj/Erth      #.........   100%        6    #######
 Shadow Creatures         Summ           N/A          100%        6    #######
 Dragon Form              Tmut           #.........   100%        7    #######
 Ring of Flames           Chrm/Fire      #.........   100%        7    #######
 Summon Hydra             Summ           #.........   100%        7    #######
 Controlled Blink         Tloc           N/A          100%        8    #######
 Disjunction              Tloc           #.........   100%        8    #######
 Ignition                 Fire           #.........   100%        8    #######
 Dragon's Call            Summ           #.........   100%        9    #######
 Shatter                  Erth           #.........   100%        9    #######
 Tornado                  Air            #.........   100%        9    #######
 Sublimation of Blood     Necr           Unusable     N/A         2    N/A

Dungeon Overview and Level Annotations

Branches:
Dungeon (15/15)            Temple (1/1) D:4            Lair (6/6) D:10
  Swamp (4/4) Lair:3        Snake (4/4) Lair:3        Slime (0/5) Lair:5
    Orc (2/2) D:12            Elf (3/3) Orc:2        Vaults (5/5) D:13
  Crypt (0/3) Vaults:3     Depths (5/5) D:15           Hell (1/1)
    Dis (7/7) Hell            Geh (0/7) Hell            Coc (0/7) Hell
    Tar (0/7) Hell            Zot (0/5) Depths:5

Altars:
Ashenzari
Cheibriados
Dithmenos
Elyvilon
Fedhas
Gozag
Hepliaklqana
Kikubaaqudgha
Makhleb
Nemelex Xobeh
Okawaru
Qazlal
Ru
Sif Muna
Trog
Uskayaw
Vehumet
Wu Jian
Xom
Yredelemnul
Zin
The Shining One
Beogh
Jiyva
Lugonu

Shops:
D:15 *   Orc:1 [:   Orc:2 *(:[   Vaults:1 !   Vaults:2 *   Vaults:3 !
Depths:2 !:[}   Depths:5 =

Portals:
Hell: Depths:1 Depths:2 Depths:3 Depths:5
Abyss: Depths:3 Depths:5
Pandemonium: Depths:3 Depths:4 Depths:5
Ziggurat: Depths:5
Trove: Vaults:1 (give 6 scrolls of blinking)

Annotations:
Lair:4 exclusion: oklob plant, Rupert
Swamp:4 2 transporters, Lysie's ghost, adept MiFi
Depths:5 1 runed translucent door
Dis:7 Serpent of Hell


Innate Abilities, Weirdness & Mutations

You are resistant to torment.
Your stone body is resilient. (AC +20)
You are immune to poison.
Your large and strong wings let you fly indefinitely.
You resist negative energy. (rN+)
You are resistant to electric shocks. (rElec)
You can survive without breathing.
You are immune to petrification.
You are immune to rotting.
You are clumsy. (Dex -2)
Your body sometimes deteriorates upon taking damage.


Message History

The Serpent of Hell is heavily wounded.
You slash the ancient champion!
You hit the rust devil but do no damage.
You block the ancient champion's attack.
Unknown command.
You barely miss the Serpent of Hell.
The Serpent of Hell is heavily wounded.
You slice the rust devil!! You hit the ancient champion.
You block the Serpent of Hell's attack. x3
The Serpent of Hell barely misses you.
The Serpent of Hell tramples you but does no damage.
The Serpent of Hell tail-slaps you but does no damage.
You barely miss the Serpent of Hell.
The Serpent of Hell is heavily wounded.
You slice the ice devil!!
You hit the ancient champion but do no damage.
You hit the rust devil. You block the rust devil's attack.
The ancient champion points at you and mumbles some strange words.
The iron shot hits you!!!
You die...

...................8.
.............##........
... #........##........
...##Z................
...z......##..........
..........##.....####
..#..V.........##
#...4)........# ..
#...D@.......## #..
##..†4z.......#####...
#..............#.#....
#..#.....##...........
#######..##...........
.................
..................
.#.........#...#...
........##+####..


You could see the Serpent of Hell, a vampire knight, 2 ancient champions, an ice
devil, a rust devil and a catoblepas zombie.

Vanquished Creatures
  An ancient lich (Vaults:5)
  Mara (Vaults:5)
  A juggernaut (Depths:5)
  the Lernaean hydra (Swamp:4)
  Geryon (Hell)
  Vashnia (Snake:2)
  4 caustic shrikes (Depths:3)
  4 golden dragons
  3 bone dragons
  2 Ice Fiends
  A Tzitzimitl (Dis:7)
  2 iron giants
  A tentacled monstrosity (Depths:3)
  3 liches
  A Hell Sentinel (Dis:7)
  3 deep elf blademasters
  2 quicksilver dragons
  4 deep elf master archers (Elf:3)
  5 titans
  An eldritch tentacle (Dis:1)
  2 ancient champions (Dis:6)
  2 Executioners
  A storm dragon (shapeshifter) (Vaults:5)
  4 tentacled starspawn
  8 shadow dragons
  3 tengu reavers
  Agnes (Snake:1)
  A thorn hunter (Swamp:3)
  5 sphinxes
  9 nagarajas
  A draconian monk (Depths:5)
  3 frost giants
  3 storm dragons
  11 deep elf sorcerers
  2 draconian scorchers
  16 vault wardens
  An orc warlord (Orc:2)
  5 iron dragons
  9 fire giants
  2 balrugs
  2 cacodemons
  Aizul (Vaults:4)
  A draconian stormcaller (Depths:5)
  14 ironheart preservers
  3 deep elf elementalists
  30 stone giants
  4 war gargoyles
  An entropy weaver (Vaults:2)
  14 very ugly things
  18 reapers
  A ghoul (Vaults:3)
  4 green draconians
  8 deep elf demonologists
  A vampire knight (Depths:3)
  3 black draconians (Depths:5)
  3 yellow draconians (Depths:5)
  A white draconian (Depths:5)
  5 red draconians (Depths:5)
  13 deep elf annihilators
  A purple draconian (Depths:5)
  9 spark wasps
  3 blizzard demons
  10 deep elf death magi (Elf:3)
  12 ettins
  4 fire dragons
  An eidolon (Vaults:3)
  A mummy priest (Depths:1)
  A green death (Hell)
  17 deep elf high priests
  18 yaktaur captains
  A quicksilver dragon skeleton (Dis:3)
  7 great orbs of eyes
  20 naga warriors
  38 vault guards
  6 rakshasas
  25 hydras
  9 ice dragons
  2 shambling mangroves
  19 anacondas
  3 catoblepae
  6 spriggan air magi
  2 ghost crabs
  3 hell beasts
  12 centaur warriors
  15 ogre magi
  A death knight (Vaults:4)
  41 two-headed ogres
  11 alligators
  A death yak (Lair:5)
  26 dancing weapons
  4 deep troll earth magi
  3 deep troll shamans
  13 spriggan berserkers
  Urug (D:11)
  20 tengu warriors
  3 vampire magi
  A titan zombie (Dis:2)
  4 orc high priests
  An iron golem (Dis:2)
  7 soul eaters
  3 hell hogs (Dis:3)
  3 thrashing horrors
  14 naga sharpshooters
  3 sun demons (Depths:3)
  6 wretched stars
  11 hell knights
  4 shadow wraiths
  9 shock serpents
  17 deep elf knights
  A fire crab (shapeshifter) (Depths:4)
  6 salamander mystics
  4 iron trolls
  2 quicksilver dragon simulacra (Depths:3)
  31 skeletal warriors
  2 spriggan druids (Swamp:2)
  A sea snake (Snake:3)
  An unseen horror (shapeshifter) (Depths:3)
  A ghost moth zombie (Dis:6)
  4 wizards
  16 deep trolls
  14 swamp dragons
  3 anaconda zombies
  A flayed ghost (Dis:4)
  A shadow demon (Dis:1)
  3 unseen horrors
  4 glowing orange brains
  9 naga ritualists
  A gelid demonspawn (Depths:4)
  A torturous demonspawn (Depths:4)
  4 lindwurms (Snake:4)
  17 deep elf archers
  2 shadow dragon zombies
  18 orc knights
  An anaconda skeleton (Hell)
  2 necromancers (Dis:7)
  2 frost giant zombies
  14 ironbrand convokers
  14 mana vipers
  3 harpies (Vaults:1)
  4 wolf spider zombies
  2 phantasmal warriors
  A shadow dragon skeleton (Dis:1)
  2 iron dragon zombies
  11 salamanders
  An orb spider (Abyss:2)
  6 orc sorcerers
  A wolf spider (Vaults:2)
  2 fire giant zombies
  A manticore (D:14)
  6 cyclopes
  38 ugly things
  A stone giant zombie (Dis:2)
  71 deep elf magi
  A stone giant skeleton (Dis:1)
  9 guardian serpents
  A worldbinder (Abyss:1)
  4 elephants (Lair:6)
  2 ice statues
  25 naga magi
  5 centaur skeletons
  3 eyes of devastation (shapeshifter)
  28 rust devils
  An eye of devastation (Abyss:1)
  2 dire elephant zombies
  29 black mambas
  30 spiny frogs
  An emperor scorpion zombie (Dis:1)
  11 vault sentinels
  2 orange demons
  A torpor snail (Lair:3)
  2 gargoyles
  2 smoke demons
  14 small abominations
  3 kobold demonologists
  60 yaktaurs
  An anaconda simulacrum (Hell)
  A rime drake (Lair:3)
  5 tormentors
  2 catoblepas zombies
  6 efreet
  An ancient zyme (Abyss:2)
  9 freezing wraiths
  2 hellwings
  5 komodo dragons
  17 ice devils
  5 red devils
  A yaktaur (shapeshifter) (Depths:1)
  3 hydra zombies (Hell)
  3 meliai
  11 trolls
  3 polar bears
  A jumping spider (Vaults:2)
  A merfolk (shapeshifter) (Depths:3)
  11 large abominations
  15 tyrant leeches
  A harpy zombie (Dis:5)
  7 tengu conjurers
  Grinder (D:3)
  A slime creature (shapeshifter) (Depths:5)
  8 raiju
  30 slime creatures
  21 blink frogs
  11 hornets
  A fire dragon zombie (Dis:7)
  7 bog bodies
  8 hippogriffs
  2 ettin zombies
  20 flying skulls
  8 spriggans
  11 shadows
  11 water elementals
  9 wraiths
  A redback (Vaults:2)
  4 air elementals
  7 wyverns
  A vampire (D:12)
  A fire bat (Lair:1)
  A human (shapeshifter) (Vaults:2)
  37 yaks
  8 fire elementals
  5 basilisks
  36 vampire mosquitoes
  2 hungry ghosts
  A chaos spawn (Abyss:2)
  A neqoxec (Abyss:1)
  19 swamp worms
  16 insubstantial wisps
  An acid dragon (D:14)
  2 wargs (Orc:1)
  33 hell hounds
  30 water moccasins
  7 porcupines
  40 nagas
  10 swamp drakes
  50 orc warriors
  3 ice beasts
  2 sky beasts
  A snapping turtle zombie (Dis:5)
  5 ettin simulacra (Depths:3)
  3 black bears
  A spiny frog skeleton (Hell)
  3 necrophages
  3 phantoms
  7 boggarts
  An eye of draining (D:15)
  42 ogres
  3 wolves (Lair:1)
  A wolf (shapeshifter) (Vaults:5)
  9 centaurs
  9 crocodiles
  2 crocodiles (shapeshifter) (Vaults:5)
  8 big kobolds
  2 elf zombies
  30 bullfrogs
  A gnoll sergeant (D:12)
  A wyvern zombie (D:14)
  4 earth elementals
  A hornet simulacrum (D:14)
  4 scorpions
  10 killer bees
  A killer bee (shapeshifter) (Vaults:5)
  23 wights
  5 electric eels
  3 howler monkeys (D:14)
  11 crimson imps
  A human simulacrum (Vaults:1)
  22 orc wizards
  5 centaur zombies
  6 hounds
  16 iron imps
  21 orc priests
  2 jellies
  7 hell rats (Hell)
  4 iguanas
  10 worker ants
  An ogre zombie (Abyss:2)
  3 hound zombies
  A howler monkey zombie (D:5)
  6 mummies
  2 worker ant zombies
  9 gnolls
  12 adders
  3 shadow imps
  2 white imps (Depths:4)
  3 ufetubi
  2 adder skeletons
  An adder zombie (D:9)
  3 worms
  3 dart slugs
  100 orcs
  3 ball pythons (Snake:4)
  5 giant cockroaches
  4 hobgoblins (D:1)
  4 quokkas
  4 bats
  2 frilled lizards
  6 goblins
  26 kobolds
  A quokka zombie (D:10)
  8 rats
  17 crawling corpses
  6 fungi
  9 plants
  5 starspawn tentacles
2393 creatures vanquished.

Vanquished Creatures (others)
  A Brimstone Fiend (Dis:7)
  A fire giant (Depths:1)
  An ironheart preserver (Vaults:5)
  A deep elf demonologist (Elf:3)
  A vampire mage (Depths:1)
  A rust devil (Dis:7)
  A red devil (Dis:1)
  A hornet (Swamp:3)
  A swamp drake (Swamp:4)
  An orc wizard (Orc:2)
  20 fungi
  A lurking horror (Abyss:2)
  57 plants
  6 starspawn tentacles
94 creatures vanquished.

Grand Total: 2487 creatures vanquished

Notes
Turn   | Place    | Note
-------+----------+-------------------------------------------
     0 | D:1      | voshxz the Gargoyle Fighter began the quest for the Orb.
     0 | D:1      | Reached XP level 1. HP: 14/14 MP: 1/1
   276 | D:1      | Reached XP level 2. HP: 19/19 MP: 2/2
  1101 | D:2      | Reached XP level 3. HP: 17/23 MP: 3/3
  1671 | D:3      | Noticed Grinder
  1678 | D:3      | Paralysed by Grinder for 2 turns
  1691 | D:3      | Reached XP level 4. HP: 17/28 MP: 4/4
  1693 | D:3      | Paralysed by Grinder for 3 turns
  1699 | D:3      | Paralysed by Grinder for 3 turns
  1704 | D:3      | Killed Grinder
  1704 | D:3      | Reached skill level 4 in Shields
  1704 | D:3      | Reached XP level 5. HP: 7/33 MP: 5/5
  1704 | D:3      | Reached XP level 6. HP: 8/38 MP: 6/6
  1965 | D:3      | HP: 1/38 [orc priest/divine providence (15)]
  2856 | D:3      | Found a faded altar of an unknown god.
  2989 | D:4      | Reached skill level 5 in Axes
  2989 | D:4      | Reached XP level 7. HP: 29/43 MP: 7/7
  3263 | D:4      | Reached skill level 5 in Shields
  3635 | D:4      | Reached skill level 5 in Armour
  3982 | D:4      | Found a staircase to the Ecumenical Temple.
  4028 | Temple   | Entered the Ecumenical Temple
  4206 | Temple   | Became a worshipper of Warmaster Okawaru
  4279 | D:5      | Entered Level 5 of the Dungeon
  4772 | D:5      | Reached XP level 8. HP: 37/48 MP: 8/8
  4983 | D:5      | Noticed a hippogriff
  4987 | D:5      | Noticed a yak
  4994 | D:5      | Killed a hippogriff
  5003 | D:5      | Killed a yak
  5003 | D:5      | Reached * piety under Okawaru
  5098 | D:6      | Reached skill level 5 in Fighting
  5226 | D:6      | Reached skill level 6 in Shields
  5235 | D:6      | Reached skill level 1 in Invocations
  5774 | D:7      | Found a shattered altar of Ashenzari.
  5809 | D:7      | Reached XP level 9. HP: 48/54 MP: 10/10
  5870 | D:7      | Reached skill level 7 in Shields
  6170 | D:7      | Found a blossoming altar of Fedhas.
  6356 | D:7      | Reached ** piety under Okawaru
  6773 | D:8      | Noticed a two-headed ogre
  6786 | D:8      | Killed a two-headed ogre
  6786 | D:8      | Reached skill level 8 in Shields
  7157 | D:8      | Found a glowing silver altar of Zin.
  7278 | D:9      | Reached skill level 9 in Shields
  7779 | D:9      | Reached XP level 10. HP: 55/60 MP: 13/13
  8371 | D:10     | Entered Level 10 of the Dungeon
  8385 | D:10     | Reached skill level 10 in Shields
  8534 | D:10     | Reached *** piety under Okawaru
  8716 | D:10     | Reached skill level 11 in Shields
  8891 | D:10     | Reached skill level 5 in Invocations
  9023 | D:10     | Reached **** piety under Okawaru
  9574 | D:10     | Found a staircase to the Lair.
  9582 | Lair:1   | Entered Level 1 of the Lair of Beasts
  9599 | Lair:1   | Found a dark tunnel.
  9611 | Volcano  | Entered a volcano
 10112 | Lair:1   | Noticed a black mamba
 10125 | Lair:1   | Reached skill level 12 in Shields
 10135 | Lair:1   | Reached XP level 11. HP: 19/66 MP: 12/15
 10628 | Lair:1   | Reached skill level 10 in Axes
 10652 | Lair:1   | Got a faintly glowing war axe
 10653 | Lair:1   | Identified the cursed +3 war axe of Onium {chop, Int+3}
                  | (You found it on level 1 of the Lair of Beasts)
 11056 | Lair:1   | Reached ***** piety under Okawaru
 11189 | Lair:1   | Reached skill level 13 in Shields
 11973 | Lair:2   | Received a gift from Okawaru
 11986 | Lair:2   | Identified a +0 pair of boots of running (Okawaru gifted it
                  | to you on level 2 of the Lair of Beasts)
 12790 | Lair:3   | Reached skill level 14 in Shields
 12808 | Lair:3   | Reached XP level 12. HP: 59/72 MP: 17/17
 12957 | Lair:3   | Noticed an eight-headed hydra
 12958 | Lair:3   | Noticed a five-headed hydra
 14054 | Lair:3   | Killed a five-headed hydra
 14321 | Lair:3   | Noticed an eight-headed hydra
 14333 | Lair:3   | Killed an eight-headed hydra
 14333 | Lair:3   | Reached skill level 1 in Short Blades
 14691 | Lair:3   | Found a staircase to the Snake Pit.
 14814 | Lair:3   | Killed an eight-headed hydra
 14814 | Lair:3   | Received a gift from Okawaru
 15055 | Lair:3   | Reached skill level 15 in Shields
 15308 | Lair:3   | Found a staircase to the Swamp.
 15867 | Lair:4   | Noticed Rupert
 15871 | Lair:4   | Paralysed by Rupert for 5 turns
 15950 | Lair:5   | Noticed a four-headed hydra
 15965 | Lair:5   | Killed a four-headed hydra
 16095 | Lair:5   | Found a staircase to the Slime Pits.
 16095 | Lair:5   | Found a viscous altar of Jiyva.
 16109 | Lair:5   | Noticed a catoblepas
 16110 | Lair:5   | Noticed a death yak
 16132 | Lair:5   | Killed a catoblepas
 16136 | Lair:5   | Killed a death yak
 16136 | Lair:5   | Reached XP level 13. HP: 54/79 MP: 18/18
 16709 | Lair:5   | Received a gift from Okawaru
 16895 | Lair:5   | Reached skill level 16 in Shields
 17615 | Lair:5   | You fall through a shaft!
 17615 | Lair:6   | Entered Level 6 of the Lair of Beasts
 18205 | Lair:6   | Received a gift from Okawaru
 18624 | Lair:6   | Gained mutation: Your large and strong wings let you fly
                  | indefinitely. [Gargoyle growth]
 18624 | Lair:6   | Reached XP level 14. HP: 74/86 MP: 19/19
 18744 | Lair:6   | Reached skill level 17 in Shields
 19091 | Lair:6   | Got a shimmering flail
 19096 | Lair:6   | Identified the cursed +1 flail "Fuabric" {elec, *Contam rN+
                  | Int+5 Dex+9} (You found it on level 6 of the Lair of
                  | Beasts)
 19106 | Lair:6   | Got a glittering copper ring
 19107 | Lair:6   | Identified the ring "Zefon" {*Drain rPois rF+++ Str+2
                  | Dex+3} (You found it on level 6 of the Lair of Beasts)
 19299 | Swamp:1  | Entered Level 1 of the Swamp
 19322 | Lair:3   | Received a gift from Okawaru
 20235 | D:11     | Noticed Urug
 20255 | D:11     | Killed Urug
 20832 | D:12     | Received a gift from Okawaru
 20998 | D:12     | Found a staircase to the Orcish Mines.
 21069 | Orc:1    | Entered Level 1 of the Orcish Mines
 21082 | Orc:1    | Reached skill level 10 in Fighting
 21129 | Orc:1    | Found Amatoreq's Book Shoppe.
 21137 | Orc:1    | Found Vuazame's Armour Shop.
 21307 | Orc:1    | Reached skill level 10 in Armour
 21483 | Orc:2    | Entered Level 2 of the Orcish Mines
 21497 | Orc:2    | Found a staircase to the Elven Halls.
 21687 | Orc:2    | Noticed an orc warlord
 21715 | Orc:2    | Reached ****** piety under Okawaru
 21720 | Orc:2    | Killed an orc warlord
 21740 | Orc:2    | Found a roughly hewn altar of Beogh.
 21756 | Orc:2    | Found Ewnidd's Antique Weapon Shop.
 21759 | Orc:2    | Found Uneproask's Antique Armour Shop.
 21935 | Orc:2    | Found Hisetargh's Book Shop.
 22126 | Orc:2    | Found Iruwaf's General Store.
 22511 | D:12     | Identified a scroll of acquirement
 22514 | D:12     | Got a scorched hat
 22515 | D:12     | Identified the +1 hat of Eternal Night {Int+6} (You
                  | acquired it on level 12 of the Dungeon)
 22691 | D:13     | Reached XP level 15. HP: 93/93 MP: 20/20
 22786 | D:13     | Received a gift from Okawaru
 22802 | D:13     | Reached skill level 18 in Shields
 22905 | D:13     | Found a bloodstained altar of Trog.
 23744 | D:13     | Found a gate to the Vaults.
 24382 | D:14     | Received a gift from Okawaru
 25107 | D:15     | Entered Level 15 of the Dungeon
 25162 | D:15     | Reached skill level 15 in Axes
 25180 | D:15     | Received a gift from Okawaru
 25239 | D:15     | Found Ipi Uhoh's Mayhem Merchandise.
 25343 | D:15     | Found a staircase to the Depths.
 25502 | D:15     | Reached skill level 19 in Shields
 26125 | D:15     | Reached XP level 16. HP: 100/100 MP: 21/21
 26380 | Depths:1 | Entered Level 1 of the Depths
 26416 | Depths:1 | Found a deep blue altar of Sif Muna.
 27119 | Depths:1 | Found a gateway to Hell.
 27967 | Depths:2 | Found Sylu's One-of-a-Kind Books.
 28235 | Depths:2 | Noticed a storm dragon
 28241 | Depths:2 | Noticed a sphinx
 28259 | Depths:2 | Killed a storm dragon
 28266 | Depths:2 | Noticed a lich
 28267 | Depths:2 | Received a gift from Okawaru
 28292 | Depths:2 | Noticed an Ice Fiend
 28300 | Depths:2 | Noticed a Hell Sentinel
 28589 | Depths:2 | Found Juxerodue's Distillery.
 28729 | Depths:2 | Reached XP level 17. HP: 81/108 MP: 13/22
 28808 | Depths:2 | Reached skill level 20 in Shields
 28832 | Depths:2 | HP: 1/108 [deep troll (7)]
 29406 | Elf:1    | Entered Level 1 of the Elven Halls
 29898 | Elf:1    | Received a gift from Okawaru
 30114 | Elf:1    | Identified the Compendium of Conjuration
 30947 | Elf:2    | Found a huge runed translucent gate.
 30947 | Elf:2    | Found a huge runed translucent gate.
 30947 | Elf:2    | Found a huge runed translucent gate.
 31018 | Elf:2    | Found a huge runed translucent gate.
 31018 | Elf:2    | Found a huge runed translucent gate.
 31431 | Elf:2    | Received a gift from Okawaru
 31563 | Elf:2    | Reached XP level 18. HP: 90/114 MP: 19/23
 31703 | Elf:3    | Entered Level 3 of the Elven Halls
 31773 | Elf:3    | Reached skill level 21 in Shields
 32643 | Elf:3    | Noticed a deep elf master archer
 32643 | Elf:3    | Noticed a deep elf master archer
 32854 | Elf:3    | Noticed a deep elf blademaster
 32859 | Elf:3    | Killed a deep elf master archer
 32859 | Elf:3    | Received a gift from Okawaru
 32873 | Elf:3    | Killed a deep elf blademaster
 32879 | Elf:3    | Killed a deep elf master archer
 32885 | Elf:3    | Noticed a deep elf master archer
 34419 | Swamp:2  | Received a gift from Okawaru
 34969 | Swamp:3  | Received a gift from Okawaru
 35039 | Swamp:3  | Found a frozen archway.
 35843 | Swamp:4  | Entered Level 4 of the Swamp
 35853 | Swamp:4  | Reached XP level 19. HP: 101/121 MP: 20/24
 36017 | Swamp:4  | Found a transporter.
 36033 | Swamp:4  | Reached skill level 22 in Shields
 36043 | Swamp:4  | Found a transporter.
 36435 | Swamp:4  | Noticed the 27-headed Lernaean hydra
 36446 | Swamp:4  | Received a gift from Okawaru
 36452 | Swamp:4  | Killed the 21-headed Lernaean hydra
 36651 | Swamp:4  | Noticed Lysie's ghost (adept MiFi)
 36679 | Swamp:4  | Got a crude shortbow
 36884 | Swamp:4  | Got a decaying rune of Zot
 37318 | Vaults:1 | Entered Level 1 of the Vaults
 37504 | Vaults:1 | Found Zidat's Distillery.
 37668 | Vaults:1 | Received a gift from Okawaru
 38099 | Vaults:1 | Reached skill level 15 in Fighting
 38540 | Vaults:1 | Found a portal to a secret trove of treasure.
 39184 | Vaults:2 | Found Jula's General Store.
 39197 | Vaults:2 | Reached skill level 23 in Shields
 39220 | Vaults:2 | Reached XP level 20. HP: 129/129 MP: 25/25
 39256 | Vaults:2 | Bought a scroll of silence for 157 gold pieces
 39942 | Vaults:2 | Received a gift from Okawaru
 40592 | Vaults:3 | Received a gift from Okawaru
 40799 | Vaults:3 | Cast into level 1 of the Abyss (deep elf mage)
 40799 | Abyss:1  | Found a corrupted altar of Lugonu.
 41313 | Abyss:1  | Received a gift from Okawaru
 41363 | Vaults:3 | Escaped the Abyss
 41500 | Vaults:3 | Reached skill level 24 in Shields
 41915 | Vaults:3 | Found a staircase to the Crypt.
 42307 | Vaults:3 | Reached XP level 21. HP: 136/136 MP: 24/26
 42322 | Vaults:3 | Found Raxkaogg's Distillery.
 42871 | Vaults:4 | Noticed Aizul
 42896 | Vaults:4 | Killed Aizul
 42941 | Vaults:4 | Received a gift from Okawaru
 43133 | Vaults:4 | Received a gift from Okawaru
 43898 | Vaults:5 | Entered Level 5 of the Vaults
 43901 | Vaults:5 | Noticed a golden dragon
 43914 | Vaults:5 | Noticed Mara
 43932 | Vaults:5 | Identified the +7 long sword "Ihutteikli" {elec, rC+}
 43934 | Vaults:5 | Reached skill level 25 in Shields
 43945 | Vaults:5 | Killed a golden dragon
 43945 | Vaults:5 | Received a gift from Okawaru
 43947 | Vaults:5 | Noticed voshxz's illusion
 43956 | Vaults:5 | Reached XP level 22. HP: 145/145 MP: 23/27
 43956 | Vaults:5 | Paralysed by a floating eye for 3 turns
 43960 | Vaults:5 | Noticed an ancient lich
 44019 | Vaults:5 | Received a gift from Okawaru
 44032 | Vaults:5 | Killed an ancient lich
 44076 | Vaults:5 | Noticed voshxz's illusion
 44107 | Vaults:5 | Killed Mara
 44168 | Vaults:5 | Received a gift from Okawaru
 44187 | Vaults:5 | Identified the +12 scimitar of Meyvy {slice, rElec rC+
                  | Str-2 SInv}
 44360 | Vaults:5 | Received a gift from Okawaru
 44390 | Vaults:5 | Reached skill level 26 in Shields
 44390 | Vaults:5 | Reached XP level 23. HP: 129/152 MP: 22/28
 44706 | Vaults:5 | Identified the Papyrus of Unstable Flames
 44768 | Vaults:5 | Got a scorched lajatang
 44886 | Vaults:5 | Received a gift from Okawaru
 45003 | Vaults:5 | Got a steaming golden ring
 45004 | Vaults:5 | Identified the ring of the Final Decision {rCorr rN+} (You
                  | found it on level 5 of the Vaults)
 45118 | Vaults:5 | Got a silver rune of Zot
 45823 | Snake:1  | Entered Level 1 of the Snake Pit
 46350 | Snake:1  | Noticed Agnes
 46359 | Snake:1  | Killed Agnes
 46803 | Snake:2  | Noticed Vashnia
 46869 | Snake:2  | Killed Vashnia
 47643 | Snake:3  | Received a gift from Okawaru
 48313 | Snake:4  | Entered Level 4 of the Snake Pit
 48433 | Snake:4  | Received a gift from Okawaru
 48574 | Snake:4  | Reached skill level 27 in Shields
 48578 | Snake:4  | Reached XP level 24. HP: 160/160 MP: 28/28
 48799 | Snake:4  | Received a gift from Okawaru
 48814 | Snake:4  | Got a transparent mace {god gift}
 48828 | Snake:4  | Got a serpentine rune of Zot
 49847 | Depths:2 | Bought a potion of resistance for 120 gold pieces
 49847 | Depths:2 | Bought 2 potions of might for 96 gold pieces
 50026 | Depths:2 | Found Giruos's Antique Armour Shop.
 50035 | Depths:2 | Bought a bloodstained crystal plate armour for 2550 gold
                  | pieces
 50066 | Depths:2 | Identified the cursed +0 crystal plate armour "Nazxeko"
                  | {rC+ rN+ Str+2 Int+3} (You bought it in a shop on level 2
                  | of the Depths)
 50138 | Depths:2 | Received a gift from Okawaru
 50237 | Depths:2 | Found Solaiwna's Gadget Boutique.
 50696 | Depths:3 | Found a deep blue altar of Sif Muna.
 50742 | Depths:3 | Found an opulent altar of Gozag.
 50742 | Depths:3 | Found a one-way gate leading to the halls of Pandemonium.
 50918 | Depths:3 | Received a gift from Okawaru
 51199 | Depths:3 | Found a blossoming altar of Fedhas.
 51201 | Depths:3 | Found a one-way gate to the infinite horrors of the Abyss.
 51247 | Depths:3 | Noticed a caustic shrike
 51249 | Depths:3 | Noticed a caustic shrike
 51250 | Depths:3 | Noticed a caustic shrike
 51251 | Depths:3 | Noticed a caustic shrike
 51263 | Depths:3 | Killed a caustic shrike
 51266 | Depths:3 | Killed a caustic shrike
 51272 | Depths:3 | Killed a caustic shrike
 51282 | Depths:3 | Killed a caustic shrike
 51292 | Depths:3 | Received a gift from Okawaru
 51295 | Depths:3 | Reached XP level 25. HP: 130/169 MP: 23/28
 51452 | Depths:3 | Reached skill level 15 in Armour
 51480 | Depths:3 | Found the +6 lightning scales {run, rElec}
 51610 | Depths:3 | Found a hazy altar of Hepliaklqana.
 51633 | Depths:3 | Received a gift from Okawaru
 52402 | Depths:4 | You fall through a shaft!
 52402 | Depths:5 | Entered Level 5 of the Depths
 52402 | Depths:5 | Found a runed translucent door.
 52414 | Depths:5 | Found a runed translucent door.
 52421 | Depths:5 | Found a runed translucent door.
 52524 | Depths:5 | Found a runed translucent door.
 52524 | Depths:5 | Found a runed translucent door.
 52701 | Depths:5 | Found Meojirru's Jewellery Boutique.
 52795 | Depths:5 | Received a gift from Okawaru
 52805 | Depths:5 | Got an encrusted scale mail {god gift}
 52806 | Depths:5 | Identified the +2 scale mail of Beyond {rC- MR+ rCorr
                  | Str+2} (Okawaru gifted it to you on level 5 of the Depths)
 52913 | Depths:5 | Found a gateway to a ziggurat.
 52933 | Depths:5 | Noticed a juggernaut
 52955 | Depths:5 | Killed a juggernaut
 52994 | Depths:5 | Identified the ring of Jiuc {rC+ rN++}
 53198 | Depths:5 | Found a corrupted altar of Lugonu.
 53414 | Depths:5 | Found a runed translucent door.
 53440 | Depths:5 | Reached XP level 26. HP: 180/180 MP: 28/28
 53809 | Depths:5 | Found a gate to the Realm of Zot.
 54238 | Elf:3    | Received a gift from Okawaru
 54268 | Elf:3    | Cast into level 2 of the Abyss (a deep elf demonologist)
 54718 | Abyss:2  | Paralysed by a great orb of eyes for 5 turns
 54749 | Elf:3    | Escaped the Abyss
 54870 | Elf:3    | Identified the cursed +2 lajatang of Eternity {freeze,
                  | rPois rF+ MR- Stlth+}
 54917 | Elf:3    | Identified the amulet "Samuyf" {Reflect Str+6 Int-3 Dex+3
                  | SH+3 SInv}
 54934 | Elf:3    | Identified the +7 long sword of Guilt {speed, rC+}
 54950 | Elf:3    | Received a gift from Okawaru
 54974 | Elf:3    | Identified the +5 great sword "Caem" {slice, Str-2 Int+4
                  | Dex+2}
 54974 | Elf:3    | Identified the ring of the Locust {Wiz Str+4}
 55142 | Elf:3    | Got a sparkling bronze ring
 55144 | Elf:3    | Identified the ring "Odai" {Dex+2 Stlth+} (You found it on
                  | level 3 of the Elven Halls)
 55177 | Elf:3    | Got a vibrating bronze ring
 55224 | Elf:3    | Identified Uzeasuc's Collected Works on Poisoning and the
                  | Blaze
 55627 | Hell     | Entered the Vestibule of Hell
 55639 | Hell     | Noticed Geryon
 55680 | Hell     | Killed Geryon
 55811 | Hell     | Found a gateway to the ashen valley of Gehenna.
 56111 | Hell     | Found a gateway to the decaying netherworld of Tartarus.
 56130 | Hell     | Received a gift from Okawaru
 56257 | Hell     | Found a gateway to the freezing wastes of Cocytus.
 56366 | Hell     | Found a gateway to the Iron City of Dis.
 56554 | Dis:1    | Entered Level 1 of the Iron City of Dis
 57167 | Dis:1    | Received a gift from Okawaru
 57401 | Dis:2    | Reached XP level 27. HP: 174/189 MP: 28/28
 57749 | Dis:3    | Gained mutation: You are clumsy. (Dex -2) [mutagenic glow]
 57807 | Dis:3    | Gained mutation: Your body sometimes deteriorates upon
                  | taking damage. [mutagenic glow]
 58513 | Dis:6    | Received a gift from Okawaru
 58522 | Dis:6    | Got a faintly glowing broad axe {god gift}
 58523 | Dis:6    | Identified the +1 broad axe of Hostomur {freeze, rF+}
                  | (Okawaru gifted it to you on level 6 of the Iron City of
                  | Dis)
 58528 | Dis:7    | Entered Level 7 of the Iron City of Dis
 59229 | Dis:7    | Noticed the Serpent of Hell
 59283 | Dis:7    | Killed from afar by an ancient champion

Skill      XL: |  1  2  3  4  5  6  7  8  9 10 11 12 13 14 15 16 17 18 19 20 21 22 23 24 25 26 27 |
---------------+----------------------------------------------------------------------------------+-----
Axes           | 2 4 5 7 8 9 10 11 12 14 15 16 17 18 19 20 21 22 23 | 23.9
Fighting       | 4 5 6 7 8 9 10 11 12 13 14 15 16 17 18 19 20 22 23 24 | 24.5
Armour         | 4 5 6 7 8 9 10 11 12 13 14 15 16 | 16.7
Shields        | 4 5 6 9 12 14 15 16 17 19 20 21 23 24 25 26 27 | 27.0
Invocations    | 1 4 5 7 |  7.2
Short Blades   | 2 3 |  3.7

Action                   |  1- 3 |  4- 6 |  7- 9 | 10-12 | 13-15 | 16-18 | 19-21 | 22-24 | 25-27 || total
-------------------------+-------+-------+-------+-------+-------+-------+-------+-------+-------++-------
Melee: War axe           |   121 |    71 |   419 |   700 |   309 |       |       |       |       ||  1620
       Broad axe         |       |       |    21 |       |  1348 |  1627 |  1606 |  1757 |  2207 ||  8566
       Rapier            |       |       |       |    73 |    68 |       |       |       |       ||   141
Invok: Heroism           |       |       |     3 |     4 |    25 |    10 |    15 |    11 |    18 ||    86
       Finesse           |       |       |       |       |       |     1 |     2 |     5 |     2 ||    10
Evoke: Wand              |       |       |     1 |       |       |       |       |       |       ||     1
       Phantom mirror    |       |       |       |       |       |       |     1 |       |       ||     1
       Horn of Geryon    |       |       |       |       |       |       |       |       |     1 ||     1
  Use: Scroll            |       |     1 |     3 |     9 |    23 |    14 |     5 |    16 |    10 ||    81
       Potion            |       |       |     1 |     2 |       |       |       |     1 |     3 ||     7
 Stab: Petrified         |       |       |       |    10 |     7 |       |       |       |       ||    17
       Petrifying        |       |       |       |     1 |       |       |       |       |       ||     1
       Distracted        |       |       |       |       |     1 |     2 |       |     2 |       ||     5
       Confused          |       |       |       |       |       |       |     2 |       |       ||     2
       Fleeing           |       |       |       |       |       |       |       |     2 |       ||     2
  Eat: Chunk             |    14 |       |    10 |    33 |    56 |    30 |    25 |    16 |     4 ||   188
       Ration            |       |       |       |       |     1 |       |     2 |     2 |     7 ||    12
Armor: Scale mail        |    26 |       |       |       |       |       |       |       |       ||    26
       Chain mail        |    50 |    39 |   259 |   253 |   558 |   746 |   766 |   242 |       ||  2913
       Plate armour      |       |       |       |   362 |   407 |       |       |   505 |       ||  1274
       Crystal plate arm |       |       |       |       |       |       |       |   206 |   962 ||  1168
Dodge: Dodged            |    30 |    11 |   109 |   240 |   369 |   278 |   319 |   325 |   278 ||  1959
Block: Shield            |    70 |    32 |   238 |   610 |  1370 |  1135 |  1260 |  1688 |  1822 ||  8225
